Map: Odyssey LE

Players

Indy - Winner!

  • Race: Terran Terran
  • League: Master
  • Spawn Location: 11:00

LampofFate

  • Race: Zerg Zerg
  • League: Silver
  • Spawn Location: 5:00

VOD

Have the link to the VOD?

Description

Time

  • Played on: Nov. 25, 2017, 6:14 p.m.
  • Length: 5:25
Show
View Real Time Build Order
Export as new Build Order

Indy Terran - Winner!

Build Orders:  

Get SALT Encoding   

  12  0:00  SCV  
  13  0:16  Supply Depot  
  13  0:40  Barracks  
  13  0:50  Barracks  
  13  1:03  Barracks  
  13  1:26  Marine  
  13  1:29  Barracks  
  14  1:36  Marine  
  15  1:44  Marine  
  16  1:52  Marine  
  17  1:54  Marine  
  18  2:02  Marine  
  19  2:10  Marine  
  19  2:12  Marine  
  21  2:16  Marine  
  21  2:20  Marine  
  23  2:26  Supply Depot  
  23  2:45  Marine  
  23  2:47  Marine  
  23  2:54  Marine x2  
  24  3:02  Marine  
  22  3:17  Marine x3  
  24  3:20  Marine  
  23  3:35  Marine  
  23  3:36  Marine x2  
  23  3:38  Marine  
Show
View Real Time Build Order
Export as new Build Order

LampofFate Zerg 

Build Orders: Pool First 

Get SALT Encoding   

  12  0:03  Drone  
  13  0:08  Drone  
  14  0:28  Spawning Pool  
  13  0:34  Overlord  
  13  0:38  Drone  
  14  0:53  Extractor  
  14  0:54  Drone x2  
  15  1:06  Drone  
  16  1:18  Queen  
  18  1:19  Drone  
  18  1:20  Drone  
  20  1:27  Extractor  
  20  1:29  Drone  
  20  1:54  Drone x2  
  21  1:59  Hatchery  
  21  2:11  Overlord  
  21  2:17  Overlord  
  21  2:26  Metabolic Boost  
  21  2:29  Queen  
  23  2:30  Overlord  
  18  2:55  Zergling x6  
Tags
 
Matchup
TvZ
Opening
Pool First
Spawn Locations
Cross Positions
Add a new tag
Caveats
  • Supply blocks, unpowered buildings, or Contaminate may cause inaccurate times.
  • Supply counts are checked every 10 seconds.